 Dungeon Crawl Stone Soup version 0.30.0-10-gfe55d96785 (webtiles) character file.

Game seed: 7942116031548031258

32 Querens the Conjurer (level 3, -3/19 HPs)
             Began as a Deep Elf Conjurer on May 16, 2023.
             Slain by Robin
             ... wielding a +0 spear
              (5 damage)
             ... on level 2 of the Dungeon.
             The game lasted 00:02:35 (676 turns).

Querens the Conjurer (Deep Elf Conjurer)             Turns: 676, Time: 00:02:35

Health: -3/19      AC:  2    Str:  4    XL:     3   Next: 10%
Magic:  8/10       EV: 12    Int: 24    God:
Gold:   84         SH:  0    Dex: 13    Spells: 7/10 levels left

rFire   . . .        h - +0 whip
rCold   . . .        (no shield)
rNeg    . . .        a - +0 robe
rPois   .            (no helmet)
rElec   .            (no cloak)
rCorr   .            (no gloves)
SInv    .            (no boots)
Will    .....        (no amulet)
Stlth   ++           f - +4 ring of slaying
HPRegen 0.23/turn    (no ring)
MPRegen 0.12/turn

%: no passive effects
@: no status effects
A: no striking features
a: no special abilities


You were on level 2 of the Dungeon.
You visited 1 branch of the dungeon, and saw 2 of its levels.

You collected 84 gold pieces.

Inventory:

Hand Weapons
 h - a +0 whip (weapon)
Armour
 a - a +0 robe (worn)
Jewellery
 f - a +4 ring of slaying (left hand)
Scrolls
 e - a scroll of fog {unknown}
 g - a scroll of amnesia {unknown}
Potions
 b - a potion of magic
 c - 2 potions of curing {unknown}
 d - 2 potions of heal wounds {unknown}


   Skills:
 - Level 2.4 Dodging
 - Level 2.4 Stealth
 + Level 4.1 Spellcasting
 + Level 5.0 Conjurations


You had 7 spell levels left.
You knew the following spells:

 Your Spells              Type           Power      Damage    Failure   Level
a - Magic Dart            Conj           100%       1d8       1%          1
b - Searing Ray           Conj           58%        2d6       1%          2

Your spell library contained the following spells:

 Spells                   Type           Power      Damage    Failure   Level
 Dazzling Flash           Conj/Hex       34%        N/A       11%         3
 Fulminant Prism          Conj/Hex       8%         3d7       34%         4
 Iskenderun's Mystic Bla  Conj/Tloc      17%        2d5       34%         4


Dungeon Overview and Level Annotations

Branches:
Dungeon (2/15)

Altars:

Annotations:
D:2 Robin


Message History

a +0 dagger; a goblin corpse A hobgoblin comes into view.
The hobgoblin shouts!
You hear a shout! x2
You closely miss the hobgoblin. The hobgoblin closely misses you.
The hobgoblin hits you.
You completely miss the hobgoblin. The hobgoblin barely misses you.
You closely miss the hobgoblin. The hobgoblin closely misses you.
You barely miss the hobgoblin. The hobgoblin barely misses you.
A goblin comes into view. It is wielding a +0 dagger.
You hit the hobgoblin.
The hobgoblin is almost dead.
The hobgoblin hits you but does no damage.
You hit the hobgoblin.
You kill the hobgoblin!
Robin of the Strong Arm comes into view.
They are wielding a +0 spear.
The goblin unwields a +0 dagger.
The goblin wields a +0 sling.
The goblin shoots a sling bullet.
The sling bullet hits you.
Robin hits you from afar with a +0 spear.
The goblin unwields a +0 sling.
The goblin wields a +0 dagger.
The goblin misses you.
You hit the goblin.
You kill the goblin!
Robin roars a battlecry!
You hear a shout!
Robin throws the goblin at you!
You hit the goblin.
The goblin is severely wounded.
The goblin hits you with a +0 dagger.
You barely miss the goblin.
The goblin is severely wounded.
The goblin hits you with a +0 dagger.
A goblin comes into view. It is wielding a +3 dagger.
Robin throws the goblin at you!
The goblin shouts!
You barely miss the goblin.
The goblin is severely wounded.
The goblin completely misses you. The goblin hits you with a +3 dagger.
* * * LOW HITPOINT WARNING * * *
Robin hits you from afar with a +0 spear.
You die...

### ######## ..#
#....... #.#
#.###### ##.###
#.# ..).# #.#
#g#.# #.# #.#.#
#.#
#@#.#######.######
#gg...............
###.#####.########
#).†....#
#..###### #..#
#...# #.#.# #)#.#


You could see Robin and 2 goblins.

Vanquished Creatures
  2 dart slugs (D:1)
  4 bats
  An endoplasm (D:1)
  A giant cockroach (D:1)
  4 goblins
  3 hobgoblins
  2 jackals (D:1)
  2 kobolds (D:1)
  2 quokkas (D:1)
  2 rats (D:1)
23 creatures vanquished.

Notes
Turn   | Place    | Note
-------+----------+-------------------------------------------
     0 | D:1      | Querens the Deep Elf Conjurer began the quest for the Orb.
     0 | D:1      | Reached XP level 1. HP: 10/10 MP: 6/6
   137 | D:1      | Reached XP level 2. HP: 10/15 MP: 0/8
   206 | D:1      | Learned a level 2 spell: Searing Ray
   659 | D:2      | Reached skill level 5 in Conjurations
   659 | D:2      | Reached XP level 3. HP: 19/19 MP: 7/10
   670 | D:2      | Noticed Robin
   676 | D:2      | Slain by Robin

Illustrated notes

Levels and vault maps discovered:
D:1:      sevenhm_arrival_forest_fort_small_5, layout_loops_ring
D:2:      cheibrodos_fertilizer, layout_loops_ring, uniq_robin, uniq_natasha

Skill      XL: |  1  2 |
---------------+-------+-----
Spellcasting   | 4 |  4.1
Conjurations   | 5 |  5.0
Dodging        | |  2.4
Stealth        | |  2.4

Action                     || total
---------------------------++-------
  Melee: Unarmed           ||    14
         Whip              ||    14
   Cast: Magic Dart        ||    23
         Searing Ray       ||     4
 Armour: Robe              ||     4
  Dodge: Dodged            ||    22
